 Dungeon Crawl Stone Soup version 0.23.0-2-g0fe3ce5 (webtiles) character file.

Game seed: 13566314842579099559

183 Scud the Grave Robber (level 5, 0/35 HPs)
             Began as a Vampire Necromancer on Feb 19, 2019.
             Succumbed to a worker ant's poison
             ... on level 4 of the Dungeon.
             The game lasted 00:20:37 (3396 turns).

Scud the Grave Robber (Vampire Necromancer)         Turns: 3396, Time: 00:20:37

Health: 0/35       AC:  2    Str:  7    XL:     5   Next: 35%
Magic:  7/10       EV: 13    Int: 19    God:
Gold:   121        SH:  0    Dex: 14    Spells: 8/10 levels left

rFire    + . .     SeeInvis +   f - +0 dagger (venom)
rCold    + . .     Gourm    .   (no shield)
rNeg     + . .     Faith    .   a - +0 robe
rPois    .         Spirit   .   (no helmet)
rElec    .         Reflect  .   l - scarf {rC+ rF+}
rCorr    .         Harm     .   (no gloves)
MR       .....                  (no boots)
Stlth    ++........             (no amulet)
HPRegen  0.11/turn              (no ring)
MPRegen  0.12/turn              (no ring)

@: lethally poisoned (0 -> -7), very slightly contaminated
A: rotting body, fangs 3, see invisible, unbreathing
a: Bat Form


You were on level 4 of the Dungeon.
You were not thirsty.

You visited 1 branch of the dungeon, and saw 4 of its levels.

You collected 121 gold pieces.

Inventory:

Hand Weapons
 f - a +0 dagger of venom (weapon)
Armour
 a - a +0 robe (worn)
 e - a +0 robe
 l - a scarf of resistance (worn)
Scrolls
 g - 2 scrolls of teleportation
 j - a scroll of fear {unknown}
 m - a scroll of amnesia {unknown}
 n - a scroll of identify
Potions
 b - a potion of mutation {unknown}
 c - 4 potions of blood
 d - 2 potions of lignification
 h - a potion of haste {unknown}
 i - a potion of might {unknown}
 k - a potion of flight {unknown}


   Skills:
 + Level 2.7 Dodging
 + Level 3.3 Stealth
 + Level 0.8 Unarmed Combat
 + Level 3.3 Spellcasting
 + Level 6.0 Necromancy


You had 8 spell levels left.
You knew the following spells:

 Your Spells              Type           Power        Failure   Level  Hunger
a - Pain                  Necr           ####         1%          1    None
b - Animate Skeleton      Necr           N/A          1%          1    None

Your spell library contained the following spells:

 Spells                   Type           Power        Failure   Level  Hunger
 Vampiric Draining        Necr           ####......   3%          3    ###....
 Animate Dead             Necr           N/A          12%         4    ####...
 Regeneration             Chrm/Necr      ##........   13%         3    ###....


Dungeon Overview and Level Annotations

Branches:
Dungeon (4/15)
 Temple: D:4-7

Altars:
Fedhas
Nemelex Xobeh
Uskayaw


Innate Abilities, Weirdness & Mutations

Your body is rotting away.
You thrive on raw meat.
You have razor-sharp teeth.
You have supernaturally acute eyesight. (SInv)
You can survive without breathing.


Message History

You miscast Pain.
You are very lightly contaminated with residual magic.
Nothing appears to happen.
The iguana bites you!
Casting: Pain (safe; 1% risk of failure)
Confirm with . or Enter, or press ? or * to list all spells.
Aiming: Pain (safe; 1% risk of failure)
Press: ? - help, Shift-Dir - straight line, f/p - iguana
Aim: an iguana (lightly wounded, chance to defeat MR: 89%)
The iguana writhes in agony.
The iguana misses you. The iguana closely misses you.
One of your 5 potions of blood rots away.
Casting: Pain (safe; 1% risk of failure)
Confirm with . or Enter, or press ? or * to list all spells.
Okay, then.
You fail to use your ability.
The worker ant bites you.
* * * LOW HITPOINT WARNING * * *
You are poisoned.
The worker ant poisons you! The iguana bites you!
* * * LOW HITPOINT WARNING * * *
You die...

.#.#
###....#######.#.........(
...######....................
.................%...........
#...######..................
......................>.####.#
#...######...##.#............#
##..# #......#..#.#..#####
#..# #...##.#..#.#..#######
#..# #....#.@.a........)..#
#..# ..........l..............
....
........#.#.##.#..#####.#..
.#.. ......#.#.#.#.#.#.# .# #
.# #####............... . ##
#.#.#.#.#.#.#.#.# #.
.................. ..
.#.#.#.#.#.#.#.#. #


You could see an iguana and a worker ant.

Vanquished Creatures
  2 orc wizards
  Jessica (D:2)
  5 adders
  3 worms
  7 orcs
  3 bats
  3 giant cockroaches
  3 hobgoblins
  2 jackals (D:1)
  5 kobolds
  2 frilled lizards
  6 goblins
  A quokka skeleton (D:4)
  8 rats
51 creatures vanquished.

Vanquished Creatures (collateral kills)
  A hobgoblin (D:3)
1 creature vanquished.

Vanquished Creatures (others)
  A bush (D:3)
1 creature vanquished.

Grand Total: 53 creatures vanquished

Notes
Turn   | Place    | Note
-------+----------+-------------------------------------------
     0 | D:1      | Scud the Vampire Necromancer began the quest for the Orb.
     0 | D:1      | Reached XP level 1. HP: 13/13 MP: 3/3
   294 | D:1      | Reached XP level 2. HP: 11/19 MP: 3/5
   602 | D:1      | Found a sparkling altar of Nemelex Xobeh.
  1007 | D:2      | Reached skill level 5 in Necromancy
  1013 | D:2      | Noticed Jessica
  1030 | D:2      | Reached XP level 3. HP: 16/24 MP: 0/6
  1259 | D:2      | Killed Jessica
  1645 | D:2      | Reached XP level 4. HP: 28/30 MP: 8/8
  1926 | D:3      | Found a blossoming altar of Fedhas.
  2137 | D:3      | Learned a level 1 spell: Animate Skeleton
  2246 | D:3      | Reached XP level 5. HP: 9/35 MP: 1/9
  2908 | D:3      | Found a hide-covered altar of Uskayaw.
  3090 | D:4      | Reached skill level 6 in Necromancy
  3395 | D:4      | HP: 1/35 [iguana (7)]
  3396 | D:4      | Succumbed to a worker ant's poison

Skill      XL: |  1  2  3  4  5 |
---------------+----------------+-----
Necromancy     | 5 6 |  6.0
Spellcasting   | 3 |  3.3
Dodging        | |  2.7
Stealth        | |  3.3
Unarmed Combat | |  0.8

Action                   |  1- 3 |  4- 6 || total
-------------------------+-------+-------++-------
Melee: Unarmed           |    22 |       ||    22
       Bite              |     1 |       ||     1
       Dagger            |     7 |    25 ||    32
 Cast: Pain              |    37 |    47 ||    84
       Animate Skeleton  |       |     5 ||     5
 Abil: End Transformatio |       |     1 ||     1
       Bat Form          |       |     1 ||     1
  Use: Scroll            |     5 |       ||     5
       Potion            |     1 |     3 ||     4
 Stab: Sleeping          |     2 |     1 ||     3
  Eat: Corpse            |     2 |     1 ||     3
Armor: Robe              |     6 |     6 ||    12
Dodge: Dodged            |    30 |    32 ||    62
